 Dungeon Crawl Stone Soup version 0.30.0-19-g36f170ea60 (webtiles) character file.

Game seed: 15900849452498898771

19 NateTC the Magician (level 2, -4/22 HPs)
             Began as a Djinni Fire Elementalist on May 30, 2023.
             Slain by an orc
             ... wielding a +0 mace
              (6 damage)
             ... on level 1 of the Dungeon.
             The game lasted 00:01:39 (1038 turns).

NateTC the Magician (Djinni Fire Elementalist)      Turns: 1038, Time: 00:01:40

Health: -4/22      AC:  2    Str:  5 (7)  XL:     2   Next: 95%
Gold:   50         EV: 12    Int: 15 (16) God:
                   SH:  0    Dex: 10 (13)

rFire   + + .        (no weapon)
rCold   x . .        (no shield)
rNeg    . . .        a - +0 robe
rPois   ∞            (no helmet)
rElec   .            c - scarf {harm}
rCorr   .            (no gloves)
SInv    +            (boots unavailable)
Will    .....        (no amulet)
Stlth   ++           i - ring of see invisible
HPRegen 0.23/turn    (no ring)
MPRegen 0.00/turn

%: harm (+30% outgoing, +20% incoming), infuse magic (-5 HP)
@: flying
A: sickness immunity, fire resistance 2, cold vulnerability 1, float, innate
caster, HP casting, extra vitality 1
a: no special abilities


You were on level 1 of the Dungeon.
You visited 1 branch of the dungeon, and saw 2 of its levels.

You collected 50 gold pieces.

Inventory:

Armour
 a - a +0 robe (worn)
 c - a scarf of harm (worn)
Jewellery
 i - a ring of see invisible (left hand)
Scrolls
 d - 2 scrolls of identify {unknown}
 e - a scroll of blinking {unknown}
 f - a scroll of teleportation {unknown}
 j - a scroll of fear {unknown}
Potions
 b - a potion of degeneration
 g - a potion of attraction {unknown}
 h - a potion of might {unknown}


   Skills:
 + Level 1.1 Fighting
 - Level 2.1 Dodging
 - Level 1.5 Stealth
 * Level 2.9 Spellcasting


You knew the following spells:

 Your Spells              Type           Power      Damage    Failure   Level
a - Foxfire               Conj/Fire      44%        2x1d6     6%          1
b - Scorch                Fire           22%        2d6       9%          2
c - Volatile Blastmotes   Fire/Tloc      22%        2d11      19%         3
d - Inner Flame           Hex/Fire       11%        N/A       19%         3
e - Flame Wave            Conj/Fire      11%        2d6       52%         4
Your spell library was empty.

Dungeon Overview and Level Annotations

Branches:
Dungeon (2/15) Zot: 10961

Altars:


Innate Abilities, Weirdness & Mutations

You are immune to sickness and miasma.
You are immune to poison.
Your flesh is very heat resistant. (rF++)
You are vulnerable to cold. (rC-)
You float through the air rather than walking.
You learn spells naturally, not from books.
Your magical power is your life essence.
You have superior vitality. (+4 MHP)


Message History

An adder comes into view.
Your magical contamination has completely faded away.
You conjure some foxfire!
The adder hisses angrily.
The orc closely misses you.
You are too injured to fight recklessly!
You are too injured to fight recklessly!
The foxfire hits the orc.
You kill the orc!
The foxfire hits the orc but does no damage.
An orc comes into view. It is wielding a +0 club.
You conjure some foxfire!
You are too injured to fight recklessly!
The orc attacks as you move away! The orc hits you with a +0 mace.
The foxfire hits the orc.
The orc is heavily wounded.
The foxfire hits the orc.
The orc is severely wounded.
You are too injured to fight recklessly!
You see here a +0 robe.
You are too injured to fight recklessly!
Casting: Foxfire (safe; 5% risk of failure)
Confirm with . or Enter, or press ? or * to list all spells.
You conjure some foxfire!
The orc hits you with a +0 mace.
* * * LOW HITPOINT WARNING * * *
Unknown command.
Casting: Foxfire (safe; 5% risk of failure)
Confirm with . or Enter, or press ? or * to list all spells.
You don't have enough health to cast this spell.
Your foxfire dissipates!
The foxfire hits the orc but does no damage.
The orc is severely wounded.
There is a stone staircase leading up here.
You fly upwards.
There is a stone staircase leading down here.
It was a potion of degeneration.
There was something very wrong with that liquid.
You feel weakened.
You feel dopey.
You feel clumsy. The orc hits you with a +0 mace.
You die...

# #.# ♣.♣P.⌠....♣#..# # #.#
♣.♣....P♣.♣#... #####
#.##########♣....♣P♣♣.♣#...
....#
#..........#♣...♣♣♣♣♣P♣#...
###.#
##########.#♣<.........+...
#.# #.#♣♣♣♣♣♣♣♣♣♣♣####
#.############.###### #####
#
#.........)...o.....###.#.#
##
##############@...........#
#. ######.......## ##
######...## # ####.###
##... ####


You could see an orc.

Vanquished Creatures
  An orc (D:2)
  2 endoplasms (D:1)
  A giant cockroach (D:1)
  2 goblins
  3 kobolds
  2 quokkas (D:1)
  A ball python (D:1)
  A bat (D:1)
  2 frilled lizards (D:1)
  2 rats (D:1)
17 creatures vanquished.

Vanquished Creatures (others)
  96 foxfires
96 creatures vanquished.

Grand Total: 113 creatures vanquished

Notes
Turn   | Place    | Note
-------+----------+-------------------------------------------
     0 | D:1      | NateTC the Djinni Fire Elementalist began the quest for the
                  | Orb.
     0 | D:1      | NateTC set off with the following spells memorised:
                  | Foxfire, Scorch, Volatile Blastmotes, Inner Flame, Flame
                  | Wave.
     0 | D:1      | Reached XP level 1. HP: 15/15 MP: 0/0
   191 | D:1      | Reached XP level 2. HP: 19/22 MP: 0/0
   625 | D:1      | Reached skill level 1 in Fighting
  1034 | D:2      | HP: 1/22 [orc/+0 mace (7)]
  1038 | D:1      | Slain by an orc

Illustrated notes

Levels and vault maps discovered:
D:1:      psy_arrival_fountain, layout_loops_ring
D:2:      layout_basic, uniq_jessica, uniq_terence

Skill      XL: |  1  2 |
---------------+-------+-----
Fighting       | 1 |  1.1
Dodging        | |  2.1
Stealth        | |  1.5
Spellcasting   | |  2.9

Action                     || total
---------------------------++-------
   Cast: Foxfire           ||    71
         Scorch            ||     3
    Use: Potion            ||     1
 Armour: Robe              ||     3
  Dodge: Dodged            ||     9
